cohdb
Replays
Latest Replays
All Replays
Popular Replays
Top Player Replays
Match Explorer
How It Works
Community
CoH3 Stats
Reddit
Sign in to upload your games and track your stats! →
Sign in with Steam
Match 41156745
Unlisted
Match 41156745
Overview
Messages
Build Orders
End
Construct Infanterie Kompanie
Pioneer Squad
Grenadier Squad
Selects Terror Battlegroup
Selects Machine Gun Camouflage
MG 42 Machine Gun Team
Grenadier Squad
MG 42 Machine Gun Team
Construct Panzergrenadier Kompanie
Pak 40 Anti-tank Gun Team
Panzergrenadier Squad
Panzergrenadier Officer Quarters
Support Elements
Selects No Quarter
Forward Retreat Point
Medical Bunker
StuG III G Assault Gun
MG 42 Machine Gun Team
Infanterie Officer Quarters
Pak 40 Anti-tank Gun Team
Medical Bunker
Nebelwerfer 42 Rocket Launcher Team
Pak 40 Anti-tank Gun Team
GrW 34 Mortar Team
Pak 40 Anti-tank Gun Team
MG 42 Machine Gun Team
Kettenkrad Recon Vehicle
Pioneer Squad
Nebelwerfer 42 Rocket Launcher Team
Kettenkrad Recon Vehicle
VVarMachine
Alex
Murloc Guy
UwU
Kusa
NEP_PLUTIA_NEP
Gravey
ldn2333
0
0
Comments
sign in to comment!
No comments posted yet!